 Dungeon Crawl Stone Soup version 0.23.2-40-g277498a001 (webtiles) character file.

Game seed: 449977067228721580

522 Rasemase the Shield-Bearer (level 7, -2/44 HPs)
             Began as a Gargoyle Fighter on Aug 21, 2019.
             Slain by a killer bee (3 damage)
             ... on level 4 of the Dungeon.
             The game lasted 00:20:27 (3822 turns).

Rasemase the Shield-Bearer (Gargoyle Fighter)       Turns: 3822, Time: 00:20:28

Health: -2/44      AC: 14    Str: 25    XL:     7   Next: 22%
Magic:  7/7        EV:  6    Int:  8    God:
Gold:   83         SH: 10    Dex: 11    Spells: 6/6 levels left

rFire    + . .     SeeInvis .   a - +3 whip
rCold    + . .     Gourm    .   c - +0 shield
rNeg     + . .     Faith    .   r - +0 chain mail
rPois    ∞         Spirit   .   (no helmet)
rElec    +         Reflect  .   (no cloak)
rCorr    +         Harm     .   (no gloves)
MR       .....                  (no boots)
Stlth    ..........             (no amulet)
HPRegen  0.14/turn              (no ring)
MPRegen  0.10/turn              (no ring)

@: mighty, resistant
A: negative energy resistance 1, electricity resistance, unbreathing,
petrification resistance, rot immunity, AC +4
a: no special abilities


You were on level 4 of the Dungeon.
You were hungry.

You visited 1 branch of the dungeon, and saw 4 of its levels.

You collected 83 gold pieces.

Inventory:

Hand Weapons
 a - a +3 whip (weapon)
Missiles
 e - 169 stones (quivered)
 j - 59 sling bullets
Armour
 c - a +0 shield (worn)
 r - a +0 chain mail (worn)
Jewellery
 g - an uncursed ring of protection from fire {unknown}
 q - an uncursed ring of flight {unknown}
 u - an uncursed amulet of harm {unknown}
Scrolls
 l - a scroll of immolation
 t - 3 scrolls of identify
 v - a scroll of magic mapping
 x - a scroll of teleportation
Potions
 b - a potion of curing {unknown}
 i - 2 potions of heal wounds {unknown}
 k - a potion of resistance
 m - a potion of agility {unknown}
 n - a potion of cancellation {unknown}
 w - a potion of brilliance {unknown}
 A - a potion of lignification {unknown}
 B - a potion of haste {unknown}
Comestibles
 f - 11 rations


   Skills:
 + Level 5.2 Fighting
 + Level 4.1 Maces & Flails
 + Level 5.1 Armour
 + Level 5.2 Shields


You had 6 spell levels left.
You didn't know any spells.
Your spell library was empty.

Dungeon Overview and Level Annotations

Branches:
Dungeon (4/15)
 Temple: D:4-7

Altars:
Qazlal
Wu Jian

Annotations:
D:3 1 runed translucent door, Houdini's ghost, amateur OgTm


Innate Abilities, Weirdness & Mutations

You are resistant to torment.
Your stone body is resilient. (AC +4)
You are immune to poison.
You resist negative energy. (rN+)
You are resistant to electric shocks. (rElec)
You can survive without breathing.
You are immune to petrification.
You are immune to rotting.


Message History

The killer bee completely misses you.
You closely miss the killer bee. You block the killer bee's attack.
The killer bee barely misses you.
You barely miss the killer bee.
The killer bee stings you but does no damage. x2
You miss the killer bee.
The killer bee stings you but does no damage.
The killer bee stings you.
* * * LOW HITPOINT WARNING * * *
You miss the killer bee. You block the killer bee's attack. x2
You miss the killer bee. The killer bee closely misses you.
The killer bee barely misses you.
You closely miss the killer bee.
The killer bee stings you but does no damage.
The killer bee stings you.
* * * LOW HITPOINT WARNING * * *
It was a potion of resistance.
You feel protected. The killer bee stings you.
You die...

,,,,* #......#,* ,,,,*
#<.....#,**** ******* ,,,**
#......#,,,,** **,,,,,**
,,,*
#......#***,,***,,,,,,,**
**,*
#......#####..,,,,,,,,,,*
*,*
#............#*,,,,,,,,,***
*,*
#......#####.,,,,,.,,,,,,,,
*,*
#......########....,,>,,***
*,*
#.........@ySy.....,,,,,***
*,*
#######..######....,,,,,,,,
*,* ##.# *,,,.,,,,,*** *,**
#.# *,,,>,,,,,* * *,,*
#.#** *,,,,,,,,,* * **,*
#..,****,,,,,,,,,* * *,***
###,,,,,,,,,,,,,** *,,,*
*,,*****,,,,,** ***,*
******,,** ******* *


You could see 2 killer bees and a ball python.

Vanquished Creatures
  An ogre (D:3)
  4 killer bees (D:4)
  A hound (D:3)
  An iguana (D:4)
  A worker ant (D:4)
  6 adders
  3 oozes
  4 worms
  2 dart slugs (D:1)
  4 leopard geckos
  9 orcs
  9 bats
  7 giant cockroaches
  13 goblins
  10 hobgoblins
  4 quokkas
  5 frilled lizards (D:3)
  8 kobolds
  7 rats
99 creatures vanquished.

Notes
Turn   | Place    | Note
-------+----------+-------------------------------------------
     0 | D:1      | Rasemase the Gargoyle Fighter began the quest for the Orb.
     0 | D:1      | Reached XP level 1. HP: 14/14 MP: 1/1
   169 | D:1      | Reached XP level 2. HP: 19/19 MP: 2/2
   392 | D:1      | Reached XP level 3. HP: 21/23 MP: 3/3
   688 | D:2      | Found an ornate altar of the Wu Jian Council.
   949 | D:2      | Reached XP level 4. HP: 20/29 MP: 4/4
  1170 | D:2      | Found a stormy altar of Qazlal.
  1715 | D:3      | Reached XP level 5. HP: 23/33 MP: 5/5
  2557 | D:3      | Found a runed translucent door.
  2557 | D:3      | Noticed Houdini's ghost (amateur OgTm)
  2716 | D:4      | Noticed an ogre
  3062 | D:4      | Reached XP level 6. HP: 36/39 MP: 6/6
  3773 | D:4      | Reached skill level 5 in Fighting
  3788 | D:4      | Reached skill level 5 in Shields
  3788 | D:4      | Reached XP level 7. HP: 27/44 MP: 7/7
  3805 | D:4      | Reached skill level 5 in Armour
  3821 | D:4      | HP: 1/44 [killer bee (4)]
  3822 | D:4      | Slain by a killer bee

Skill      XL: |  1  2  3  4  5  6  7 |
---------------+----------------------+-----
Fighting       | 4 5 |  5.2
Shields        | 4 5 |  5.2
Armour         | 4 5 |  5.1
Maces & Flails | 3 4 |  4.1

Action                   |  1- 3 |  4- 6 |  7- 9 || total
-------------------------+-------+-------+-------++-------
Melee: Flail             |   154 |   294 |       ||   448
       Whip              |       |    41 |    31 ||    72
Throw: Stone             |       |     5 |       ||     5
  Use: Scroll            |       |     6 |       ||     6
       Potion            |       |       |     2 ||     2
  Eat: Chunk             |       |    10 |       ||    10
Armor: Scale mail        |    42 |       |       ||    42
       Chain mail        |    36 |   240 |    22 ||   298
Dodge: Dodged            |    25 |    81 |    10 ||   116
Block: Shield            |    76 |   202 |    21 ||   299
